 Dungeon Crawl Stone Soup version 0.27-a0-1590-g15f69828bf (webtiles) character file.

Game seed: 12082974439591289095

6650 Zonian the Covert (level 11, -2/55 HPs)
             Began as a Vine Stalker Conjurer on July 18, 2021.
             Was an Initiate of Dithmenos.
             Killed by divine providence
             ... invoked by a meliai
              (9 damage)
             ... on level 9 of the Dungeon.
             The game lasted 00:20:58 (12245 turns).

Zonian the Covert (Vine Stalker Conjurer)          Turns: 12245, Time: 00:20:58

Health: -2/55      AC:  7    Str: 10    XL:     11   Next: 2%
Magic:  0/31       EV: 15    Int: 18    God:    Dithmenos [......]
Gold:   280        SH:  5    Dex: 22    Spells: 18/23 levels left

rFire    . . .     SeeInvis .   h - +2 dagger (venom)
rCold    . . .     Faith    .   I - +0 buckler
rNeg     . . .     Spirit   +   w - +2 robe {Will+}
rPois    .         Reflect  .   n - +2 helmet
rElec    .         Harm     .   (no cloak)
rCorr    .         Rampage  .   (no gloves)
Will     ++...                  (no boots)
Stlth    ++++......             j - amulet of the acrobat
HPRegen  1.18/turn              v - +6 ring of dexterity
MPRegen  0.22/turn              u - ring of magical power

@: mighty
A: fangs 3, regeneration 1, magic shield, antimagic bite, no potion heal 2
a: Renounce Religion


You were on level 9 of the Dungeon.
You worshipped Dithmenos.
Dithmenos was noncommittal.
You visited 2 branches of the dungeon, and saw 10 of its levels.
You also visited: Sewer.

You collected 405 gold pieces.
You spent 125 gold pieces at shops.

Inventory:

Hand Weapons
 e - a +0 dagger
 h - a +2 dagger of venom (weapon)
 q - a +0 rapier
 y - a +3 dire flail
Missiles
 b - 8 javelins
 m - 2 curare-tipped darts
 A - a throwing net
 F - 5 boomerangs of dispersal
Armour
 a - a +0 robe
 n - a +2 helmet (worn)
 w - a +2 robe of willpower (worn)
 z - a +2 scale mail of fire resistance
 E - a +2 robe of fire resistance
 I - a +0 buckler (worn)
Jewellery
 f - a ring of positive energy
 j - an amulet of the acrobat (around neck)
 u - a ring of magical power (right hand)
 v - a +6 ring of dexterity (left hand)
Wands
 s - a wand of digging (6)
 t - a wand of charming (5)
 D - a wand of flame (40)
 H - a wand of polymorph (3)
Scrolls
 g - 4 scrolls of teleportation
 p - 3 scrolls of identify
 r - 2 scrolls of enchant armour
 x - a scroll of silence
 C - a scroll of magic mapping
Potions
 c - a potion of magic
 d - 2 potions of brilliance
 i - 4 potions of curing
 k - 2 potions of lignification
 o - 2 potions of resistance
 B - 3 potions of flight
 G - a potion of haste {unknown}


   Skills:
 + Level 5.1 Fighting
 + Level 6.1 Short Blades
 + Level 5.6 Dodging
 + Level 8.4 Stealth
 + Level 0.8 Shields
 + Level 6.7 Spellcasting
 + Level 7.8 Conjurations
 + Level 4.7 Translocations


You had 18 spell levels left.
You knew the following spells:

 Your Spells              Type           Power      Damage    Failure   Level
a - Magic Dart            Conj           100%       1d8       1%          1
b - Searing Ray           Conj           68%        3d5       1%          2
c - Blink                 Tloc           N/A        N/A       3%          2

Your spell library contained the following spells:

 Spells                   Type           Power      Damage    Failure   Level
 Lesser Beckoning         Tloc           11%        N/A       7%          3
 Dazzling Flash           Conj/Hex       40%        N/A       10%         3
 Iskenderun's Mystic Bla  Conj/Tloc      28%        2d7       12%         4
 Fulminant Prism          Conj/Hex       10%        3d9       32%         4
 Manifold Assault         Tloc           23%        N/A       54%         5


Dungeon Overview and Level Annotations

Branches:
Dungeon (9/15)             Temple (1/1) D:6           Sewer (visited)
   Lair: D:8-11         Orc: D:9-12

Altars:
Ashenzari
Dithmenos
Elyvilon
Fedhas
Gozag
Hepliaklqana
Kikubaaqudgha
Makhleb
Nemelex Xobeh
Okawaru
Ru
Sif Muna
Trog
Uskayaw
Wu Jian
Xom
Yredelemnul
Zin
The Shining One

Shops:
D:2 !   D:3 *   D:5 =

Annotations:
D:9 Joseph


Innate Abilities, Weirdness & Mutations

You have razor-sharp teeth.
Your natural rate of healing is unusually fast.
When hurt, damage is shared between your health and your magic reserves.
Your bite disrupts and absorbs the magic of your enemies.
Potions cannot restore your health.


Message History

The searing ray hits the meliai!
The meliai is heavily wounded.
You finish channeling your searing ray.
The four-headed hydra misses you.
You block the four-headed hydra's attack.
The four-headed hydra bites you. The four-headed hydra bites you!
The meliai mumbles some strange prayers to its god against you.
Something smites you!
Casting: Searing Ray (safe; 1% risk of failure)
Confirm with . or Enter, or press ? or * to list all spells.
Aiming: Searing Ray (safe; 1% risk of failure)
Press: ? - help, Shift-Dir - straight line, f/p - four-headed hydra
Aim: a four-headed hydra (almost dead, 93% to hit)
The searing ray hits the four-headed hydra.
The four-headed hydra is almost dead.
The searing ray hits the meliai.
The meliai is heavily wounded. (Press . to maintain the ray.)
The four-headed hydra bites you.
The four-headed hydra bites you but does no damage.
The four-headed hydra bites you!
The four-headed hydra bites you but does no damage.
The searing ray hits the four-headed hydra!
The four-headed hydra is almost dead.
The searing ray hits the meliai.
The meliai is severely wounded.
The four-headed hydra misses you.
The four-headed hydra closely misses you.
The four-headed hydra misses you. x2
The meliai calls down the wrath of its god upon you.
Something smites you!
* * * LOW HITPOINT WARNING * * *
You puncture the four-headed hydra!
You kill the four-headed hydra!
Dithmenos accepts your kill.
You have reached level 11!
You hit the meliai.
The meliai is poisoned.
The meliai is severely wounded.
The meliai invokes the aid of its god against you.
Something smites you!
You die...

##### #####
#.y@###...##
#..♣..#..♣..##
.....♣♣...♣♣...##
#.....
♣♣.♣♣♣....#
....♣♣♣
♣.♣♣.♣♣♣.# ....
♣.♣)♣♣♣..# ...
♣.♣♣♣♣..## ..
.⌠..l... ♣.♣♣♣♣..


You could see a meliai (very poisoned).

Vanquished Creatures
  A hydra (D:9)
  A tengu warrior (D:9)
  Psyche (D:7)
  6 yaks (D:7)
  5 humans (D:7)
  Menkaure (D:6)
  4 water moccasins
  A hornet zombie (D:7)
  A black bear (D:7)
  3 sky beasts (D:7)
  2 necrophages
  An ogre (D:4)
  A phantom (D:4)
  5 bullfrogs
  5 scorpions
  3 wyvern zombies
  A water moccasin zombie (D:7)
  4 wights (D:6)
  6 killer bees (D:8)
  A bullfrog zombie (D:7)
  3 hounds
  2 jellies
  An orc priest (D:5)
  2 centaur zombies
  2 gnoll shamans
  7 iguanas
  2 bullfrog skeletons (D:6)
  A centaur skeleton (D:7)
  An orc wizard (D:5)
  A killer bee zombie (D:4)
  2 howler monkey zombies (D:7)
  Robin (D:2)
  9 gnolls
  7 adders
  A white imp (D:5)
  An ufetubus (D:5)
  An adder skeleton (D:4)
  A worm (D:2)
  4 dart slugs
  14 orcs
  6 bats
  5 endoplasms
  9 giant cockroaches
  13 goblins
  9 hobgoblins
  8 jackals
  6 kobolds
  4 quokkas
  12 ball pythons
  11 frilled lizards
  7 rats
206 creatures vanquished.

Vanquished Creatures (collateral kills)
  A kobold (D:4)
1 creature vanquished.

Vanquished Creatures (others)
  3 yaks (D:9)
3 creatures vanquished.

Grand Total: 210 creatures vanquished

Notes
Turn   | Place    | Note
-------+----------+-------------------------------------------
     0 | D:1      | Zonian the Vine Stalker Conjurer began the quest for the
                  | Orb.
     0 | D:1      | Reached XP level 1. HP: 9/9 MP: 4/4
   297 | D:1      | Reached XP level 2. HP: 10/13 MP: 0/6
   304 | D:1      | Learned a level 2 spell: Searing Ray
   864 | D:1      | Reached XP level 3. HP: 16/16 MP: 4/7
  1674 | D:2      | Noticed Robin
  1970 | D:2      | Killed Robin
  1971 | D:2      | Reached skill level 3 in Stealth
  1971 | D:2      | Gained mutation: Your natural rate of healing is unusually
                  | fast. [Vine Stalker growth]
  1971 | D:2      | Reached XP level 4. HP: 15/21 MP: 0/8
  2465 | D:2      | Found Mumett's Distillery.
  2495 | D:2      | Found a faded altar of an unknown god.
  3379 | D:3      | You fall into a shaft and drop 3 floors!
  3380 | D:6      | Noticed a bullfrog
  3389 | D:6      | Killed a bullfrog
  3390 | D:6      | Reached skill level 1 in Short Blades
  3390 | D:6      | Reached skill level 5 in Conjurations
  3390 | D:6      | Reached XP level 5. HP: 18/25 MP: 5/10
  3410 | D:6      | Found a staircase to the Ecumenical Temple.
  3427 | Temple   | Entered the Ecumenical Temple
  3607 | D:6      | Reached skill level 1 in Fighting
  3607 | D:6      | Reached skill level 4 in Stealth
  3607 | D:6      | Noticed a water moccasin
  3615 | D:5      | Entered Level 5 of the Dungeon
  3877 | D:5      | Reached XP level 6. HP: 30/30 MP: 11/11
  4168 | D:5      | Found a sacrificial altar of Ru.
  4168 | D:5      | Noticed a necrophage
  4179 | D:5      | Killed a necrophage
  4277 | D:5      | Noticed a water moccasin
  4306 | D:5      | Killed a water moccasin
  4307 | D:5      | Reached XP level 7. HP: 24/33 MP: 10/13
  4434 | D:5      | Found Dasistri's Jewellery Emporium.
  4673 | D:4      | Found a glowing drain.
  4687 | Sewer    | Entered a sewer
  5153 | D:5      | Gained mutation: You have razor-sharp teeth. [Vine Stalker
                  | growth]
  5153 | D:5      | Reached XP level 8. HP: 39/39 MP: 15/15
  5163 | D:5      | Reached skill level 5 in Stealth
  6375 | D:3      | Found Fyozed's Assorted Antiques.
  6383 | D:3      | Bought a scroll labelled AHOONI VIPASO for 25 gold pieces
  6383 | D:3      | Bought a blackened lead wand for 100 gold pieces
  6923 | D:4      | Learned a level 2 spell: Blink
  8097 | D:6      | Reached skill level 1 in Translocations
  8212 | D:6      | Reached XP level 9. HP: 32/44 MP: 17/17
  8562 | D:6      | Noticed Menkaure
  8576 | D:5      | Reached skill level 6 in Stealth
  8576 | D:5      | Reached skill level 5 in Spellcasting
  8735 | D:6      | Killed Menkaure
  9770 | D:8      | Reached skill level 5 in Short Blades
  9943 | D:7      | Found a hazy altar of Hepliaklqana.
 10155 | D:7      | Reached skill level 7 in Stealth
 10220 | D:7      | Found a basalt altar of Yredelemnul.
 10342 | D:7      | Reached XP level 10. HP: 49/49 MP: 15/19
 10534 | D:7      | Noticed Psyche
 10602 | Temple   | Became a worshipper of Dithmenos the Shadowed
 10975 | D:7      | Reached skill level 5 in Dodging
 11343 | D:7      | Killed Psyche
 11375 | D:7      | Reached skill level 8 in Stealth
 12009 | D:8      | Found a hide-covered altar of Uskayaw.
 12009 | D:8      | Found a glowing golden altar of the Shining One.
 12056 | D:8      | Found a shimmering altar of Xom.
 12076 | D:9      | Noticed Joseph
 12195 | D:9      | Noticed a tengu warrior
 12198 | D:9      | Killed a tengu warrior
 12199 | D:9      | Reached skill level 5 in Fighting
 12221 | D:9      | Noticed a four-headed hydra
 12244 | D:9      | Killed a four-headed hydra
 12245 | D:9      | Reached XP level 11. HP: 6/55 MP: 1/22
 12245 | D:9      | Killed from afar by a meliai

Illustrated notes

Levels and vault maps discovered:
D:1:      kilobyte_arrival_exit_the_forest, layout_basic
D:2:      layout_rooms, shapermc_ecumenical_altar_pompeii, serial_shops,
          nicolae_shop_statue_plus, kennysheep_generic_room_10, uniq_robin
D:3:      layout_basic, serial_shops, shop
D:4:      layout_loops_cross, cheibrodos_sewer_entry_drain
D:5:      layout_basic, mainiacjoe_overflow_boulevard, serial_shops,
          shop_statue, minmay_misc_feat_columns
D:6:      layout_rooms, temple_statues, uniq_menkaure
D:7:      erik_cavepeople, layout_cave_pods,
          mainiacjoe_overflow_six_doors_small, nicolae_yredelemnul_corpse_copse
D:8:      layout_basic, overflow_temple_1_default,
          gammafunk_temple_overflow_pools
D:9:      layout_roguey, nicolae_overflow_crystal_walls,
          nicolae_qazlal_general_emergency, orc_0_dummy, serial_shops, shop,
          amcnicky_mini_pool_small, kb_rosetta, uniq_joseph
Temple:   dshaligram_water_room_temple

Skill      XL: |  1  2  3  4  5  6  7  8  9 10 |
---------------+-------------------------------+-----
Stealth        | 3 4 5 7 8 |  8.4
Short Blades   | 1 2 3 4 5 6 |  6.1
Dodging        | 2 3 4 5 |  5.6
Conjurations   | 5 6 7 |  7.8
Spellcasting   | 3 4 5 6 |  6.7
Fighting       | 1 2 3 4 5 |  5.1
Translocations | 1 3 4 |  4.7
Shields        | |  0.8

Action                   |  1- 3 |  4- 6 |  7- 9 | 10-12 || total
-------------------------+-------+-------+-------+-------++-------
Melee: Unarmed           |    13 |       |       |       ||    13
       Bite              |    11 |    20 |    72 |    44 ||   147
       Dagger            |    38 |    69 |   237 |   109 ||   453
 Cast: Magic Dart        |    39 |    49 |   184 |    24 ||   296
       Searing Ray       |     2 |     3 |    27 |     6 ||    38
Evoke: Wand              |       |       |       |     7 ||     7
  Use: Scroll            |       |     9 |    11 |     1 ||    21
       Potion            |       |       |       |     1 ||     1
 Stab: Sleeping          |     4 |     1 |     3 |     2 ||    10
       Distracted        |       |       |       |     2 ||     2
Armor: Robe              |     3 |    12 |    64 |    19 ||    98
Dodge: Dodged            |    26 |    50 |   240 |    75 ||   391
Block: Buckler           |       |       |       |     4 ||     4

Table legend: (Time is in decaauts)
 A = Elapsed time spent in this place.
 B = Non-inter-level travel time spent in this place.
 C = Inter-level travel time spent in this place.
 D = Time resting spent in this place.
 E = Time spent auto-exploring this place.
 F = Levels seen in this place.
 G = Mean time per level.
                   A        B        C        D        E       F      G
               +--------+--------+--------+--------+--------+-----+--------+
         Total |  12228 |  11618 |    610 |   4197 |   5367 |  11 | 1111.6 |
       Dungeon |  11755 |  11165 |    590 |   4197 |   5294 |   9 | 1306.1 |
        Temple |    204 |    184 |     20 |      0 |     73 |   1 |  204.0 |
         Sewer |    268 |    268 |      0 |      0 |      0 |   1 |  268.0 |
               +--------+--------+--------+--------+--------+-----+--------+

Top non-repeatable levels by time:
     D:1: 2090 daAuts
     D:5: 2083 daAuts
     D:7: 1930 daAuts
     D:6: 1253 daAuts
     D:4: 1190 daAuts
     D:2: 1171 daAuts
     D:3: 1143 daAuts
     D:8: 818 daAuts
   Sewer: 268 daAuts
  Temple: 204 daAuts
     D:9: 74 daAuts
